 Dungeon Crawl Stone Soup version 0.30-a0-1016-gfb0d676c02 (webtiles) character file.

Game seed: 13913637992451553807

59 Demosthentine the Ducker (level 3, -6/28 HPs)
             Began as a Demonspawn Gladiator on Apr 6, 2023.
             Was an Initiate of Hepliaklqana.
             Mangled by a crimson imp
             ... wielding a +1 dagger of chaos
              (7 damage)
             ... on level 3 of the Dungeon.
             The game lasted 00:01:48 (1468 turns).

Demosthentine the Ducker (Demonspawn Gladiator)     Turns: 1468, Time: 00:01:48

Health: -6/28      AC:  4    Str: 16    XL:     3   Next: 78%
Magic:  3/3        EV: 14    Int:  9    God:    Hepliaklqana [......]
Gold:   136        SH:  0    Dex: 14    Spells: 2/2 levels left

rFire   . . .      SeeInvis .    a - +1 trident (heavy)
rCold   . . .      Faith    .    (no shield)
rNeg    . . .      Spirit   .    b - +0 leather armour
rPois   .          Reflect  .    c - +0 helmet
rElec   .          Rampage  .    (no cloak)
rCorr   .                        (no gloves)
Will    .....                    (no boots)
Stlth   +                        (no amulet)
HPRegen 0.24/turn                (no ring)
MPRegen 0.08/turn                (no ring)

@: lethally poisoned (-6 -> -7)
A: repulsion field 1
a: Renounce Religion


You were on level 3 of the Dungeon.
You worshipped Hepliaklqana.
Hepliaklqana was noncommittal.
You visited 1 branch of the dungeon, and saw 3 of its levels.

You collected 136 gold pieces.

Inventory:

Hand Weapons
 a - a +1 heavy trident (weapon)
Missiles
 d - 3 throwing nets (quivered)
 e - a javelin
Armour
 b - a +0 leather armour (worn)
 c - a +0 helmet (worn)
Scrolls
 h - a scroll of fog {unknown}
Potions
 f - 3 potions of curing {unknown}
 g - a potion of resistance {unknown}
 i - a potion of heal wounds {unknown}


   Skills:
 + Level 2.6 Fighting
 + Level 3.1 Polearms
 - Level 1.7 Throwing
 + Level 1.4 Armour
 + Level 3.1 Dodging


You had 2 spell levels left.
You didn't know any spells.
Your spell library was empty.

Dungeon Overview and Level Annotations

Branches:
Dungeon (3/15)

Altars:
Hepliaklqana
Makhleb
Xom


Innate Abilities, Weirdness & Mutations

You are surrounded by a mild repulsion field. (EV +2)


Message History

You are too injured to fight recklessly!
You are too injured to fight recklessly!
You are too injured to fight recklessly!
You barely miss the crimson imp.
The crimson imp hits you with a +1 dagger of chaos.
The crimson imp freezes you.
* * * LOW HITPOINT WARNING * * *
You hit the crimson imp but do no damage.
The crimson imp blinks!
Unknown command.
The crimson imp blinks!
There is an open door here.
Unknown command.
The crimson imp attacks as you move away!
The crimson imp hits you with a +1 dagger of chaos.
* * * LOW HITPOINT WARNING * * *
You are lethally poisoned!
* * * LOW HITPOINT WARNING * * *
You feel sick.
* * * LOW HITPOINT WARNING * * *
You feel sick.
Unknown command.
* * * LOW HITPOINT WARNING * * *
You feel sick. The crimson imp closely misses you.
You see here a scroll labelled HIAJ ARYTS.
Unknown command.
Unknown command.
* * * LOW HITPOINT WARNING * * *
You feel sick.
The crimson imp blinks!
Unknown command.
* * * LOW HITPOINT WARNING * * *
You feel sick.
There is an open door here.
Unknown command.
You puncture the crimson imp!
The crimson imp is severely wounded.
* * * LOW HITPOINT WARNING * * *
You feel sick. The crimson imp barely misses you.
The crimson imp hits you with a +1 dagger of chaos!
You die...

##### #_._#
#..?# #...#
##@## ######5.#
......(.>####
.#######....####
###..........#
.....#######.#
####.#.....#.#
#.#.....#.##
#.#.._..#..#


You could see a crimson imp.

Vanquished Creatures
  An adder (D:2)
  2 worms (D:2)
  A dart slug (D:2)
  4 endoplasms
  2 giant cockroaches
  3 goblins
  4 hobgoblins
  3 jackals (D:2)
  4 kobolds
  3 ball pythons
  6 bats
  A frilled lizard (D:2)
  5 rats
39 creatures vanquished.

Vanquished Creatures (others)
  A kobold (D:2)
1 creature vanquished.

Grand Total: 40 creatures vanquished

Notes
Turn   | Place    | Note
-------+----------+-------------------------------------------
     0 | D:1      | Demosthentine the Demonspawn Gladiator began the quest for
                  | the Orb.
     0 | D:1      | Reached XP level 1. HP: 16/16 MP: 1/1
   262 | D:1      | Gained mutation: You are surrounded by a mild repulsion
                  | field. (EV +2) [demonic ancestry]
   262 | D:1      | Reached XP level 2. HP: 22/22 MP: 2/2
   410 | D:1      | Reached skill level 1 in Armour
   798 | D:2      | Reached XP level 3. HP: 25/28 MP: 3/3
  1388 | D:3      | Found a hazy altar of Hepliaklqana.
  1434 | D:3      | Became a worshipper of Hepliaklqana the Forgotten
  1456 | D:3      | Found a burning altar of Makhleb.
  1456 | D:3      | Found a shimmering altar of Xom.
  1467 | D:3      | HP: 1/28 [poisoned by a crimson imp]
  1468 | D:3      | Mangled by a crimson imp

Illustrated notes

Levels and vault maps discovered:
D:1:      onia_arrival_pyramid, layout_basic, minmay_misc_feat_doors
D:2:      layout_loops_ring
D:3:      layout_basic, grunt_temple_overflow_champion_of_chaos,
          amcnicky_altar_gilded

Skill      XL: |  1  2 |
---------------+-------+-----
Armour         | 1 |  1.4
Polearms       | 3 |  3.1
Dodging        | 3 |  3.1
Fighting       | |  2.6
Throwing       | |  1.7

Action                     || total
---------------------------++-------
  Melee: Trident           ||   151
    Use: Scroll            ||     4
   Stab: Sleeping          ||     3
 Armour: Leather armour    ||    36
  Dodge: Dodged            ||   105

Table legend: (Time is in decaauts)
 A = Elapsed time spent in this place.
 B = Non-inter-level travel time spent in this place.
 C = Inter-level travel time spent in this place.
 D = Time resting spent in this place.
 E = Time spent auto-exploring this place.
 F = Levels seen in this place.
 G = Mean time per level.
                   A        B        C        D        E       F      G
               +--------+--------+--------+--------+--------+-----+--------+
         Total |   1493 |   1463 |     30 |      0 |   1134 |   3 |  497.7 |
       Dungeon |   1493 |   1463 |     30 |      0 |   1134 |   3 |  497.7 |
               +--------+--------+--------+--------+--------+-----+--------+

Top non-repeatable levels by time:
     D:2: 708 daAuts
     D:1: 693 daAuts
     D:3: 91 daAuts
